Map: [ESL] Oceanborn

Players

ShoWTimE

  • Race: Protoss Protoss
  • Spawn Location: 5:00

HeroMarine - Winner!

  • Race: Terran Terran
  • Spawn Location: 11:00

Event: ESL SC2 Masters 2023 Winter (Finals)

VOD

Have the link to the VOD?

Description

Time

  • Played on: Dec. 16, 2023, 9:59 a.m.
  • Length: 3:29

All games in this series

Show
View Real Time Build Order
Export as new Build Order

ShoWTimE Protoss 

Build Orders: 1 Gate Expand 

Get SALT Encoding   

  12  0:00  Probe  
  13  0:12  Probe  
  14  0:19  Pylon  
  14  0:24  Probe  
  15  0:37  Probe (Chrono Boost)  
  15  0:38  Gateway  
  16  0:46  Assimilator, Probe (Chrono Boost)  
  17  0:51  Probe (Chrono Boost)  
  18  1:03  Probe  
  19  1:15  Probe  
  20  1:25  Cybernetics Core  
  20  1:32  Nexus  
  20  1:34  Probe  
  21  1:40  Pylon  
  21  1:46  Probe  
  22  1:48  Assimilator  
  22  1:58  Adept (Chrono Boost)  
  22  1:59  Probe  
  25  2:11  Probe  
  26  2:17  Twilight Council  
  26  2:23  Probe  
  26  2:24  Stalker (Chrono Boost)  
  29  2:35  Probe  
  30  2:44  Gateway, Probe  
  30  2:47  Probe  
  32  2:56  Probe  
  34  3:11  Gateway  
  33  3:13  Pylon  
Show
View Real Time Build Order
Export as new Build Order

HeroMarine Terran - Winner!

Build Orders:  

Get SALT Encoding   

  12  0:00  SCV  
  13  0:12  SCV  
  14  0:17  Supply Depot  
  14  0:24  SCV  
  15  0:38  SCV  
  15  0:39  Barracks  
  15  0:42  Refinery  
  16  0:50  SCV  
  16  0:52  Refinery  
  17  1:03  SCV  
  18  1:15  SCV  
  19  1:26  Barracks Reactor  
  19  1:27  Orbital Command  
  19  1:28  Supply Depot  
  19  1:39  Factory  
  19  1:52  SCV  
  20  2:02  Reaper  
  20  2:03  Reaper  
  20  2:04  SCV  
  23  2:19  Command Center  
  23  2:24  Hellion  
  23  2:27  SCV  
  26  2:35  Reaper x2  
  28  2:39  SCV  
  28  2:40  Supply Depot  
  29  2:46  Hellion  
  31  3:01  Starport  
  31  3:02  SCV  
  34  3:14  SCV  
Tags
 
Add a new tag
Caveats
  • Supply blocks, unpowered buildings, or Contaminate may cause inaccurate times.
  • Supply counts are checked every 10 seconds.